 Dungeon Crawl Stone Soup version 0.19.0-16-g73b5abf (console) character file.

256282 nht the Merfolkian Blade (level 19, -2/140 HPs)
             Began as a Merfolk Gladiator on Nov 9, 2016.
             Was the Champion of Trog.
             Slain by an orc warrior
             ... wielding a +0 halberd
             ... led by an orc knight
              (38 damage)
             ... on level 2 of the Vaults on Nov 10, 2016.
             The game lasted 02:36:43 (44374 turns).

nht the Merfolkian Blade (Merfolk Gladiator)       Turns: 44374, Time: 02:36:44

Health: -2/140     AC: 18    Str: 16    XL:     19   Next: 80%
Magic:  28/28      EV: 26    Int: 10    God:    Trog [******]
Gold:   2391       SH:  0    Dex: 26    Spells: 0 memorised, 18 levels left

rFire  + . .     SeeInvis +     b - +6 triple sword (flame)
rCold  . . .     Gourm    .     V - +1 ring mail of the Jolly Tales {rElec MR+}
rNeg   . . .     Faith    .     (shield currently unavailable)
rPois  +         Spirit   .     X - +2 hat {SInv}
rElec  +         Reflect  .     C - +2 cloak {rPois}
rCorr  .         Harm     .     R - +1 pair of gloves
MR     +++..                    i - +2 pair of boots {run}
Stlth  +++++++++.               y - amulet of regeneration
                                I - ring of Shadows {Umbra +Inv Stlth+}
                                p - ring of the Castellan {rF+ MR+ Int+2}

@: agile, very slightly contaminated, hasted, wreathed by umbra, very quick
A: change form in water, swift swim, stealthy swim, icy blue scales 1
a: Berserk, Trog's Hand, Brothers in Arms, Burn Spellbooks, Renounce Religion,
Evoke Invisibility
}: 2/15 runes: decaying, serpentine


You were on level 2 of the Vaults.
You worshipped Trog.
Trog was exalted by your worship.
You were not hungry.

You visited 7 branches of the dungeon, and saw 34 of its levels.
You also visited: Labyrinth and Ossuary.

You collected 3384 gold pieces.
You spent 993 gold pieces at shops.

Inventory:

Hand Weapons
 a - a +1 dagger of electrocution
 b - a +6 triple sword of flaming (weapon)
 x - a +3 blowgun
 A - a +3 antimagic demon blade
Missiles
 d - 4 throwing nets
 h - 12 needles of sleeping
 j - 5 javelins of returning
 n - 28 tomahawks (quivered)
 q - 5 silver javelins
 u - 3 javelins of penetration
 z - 3 needles of paralysis
 G - 17 steel javelins
 H - 4 poisoned tomahawks
 K - 14 curare-tipped needles
 Q - 13 tomahawks of dispersal
 S - 21 needles of confusion
 T - 7 poisoned javelins
 Y - 3 silver tomahawks
Armour
 i - a +2 pair of boots of running (worn)
 s - a +2 pair of boots of flying
 C - a +2 cloak of poison resistance (worn)
 R - a +1 pair of gloves (worn)
 V - the +1 ring mail of the Jolly Tales (worn) {rElec MR+}
   (You found it on level 4 of the Swamp)

   It insulates you from electricity.
   It affects your resistance to hostile enchantments.
 X - a +2 hat of see invisible (worn)
Rods
 Z - a +0 rod of inaccuracy (13/13)
   (You found it on level 3 of the Dungeon)
Jewellery
 p - the ring of the Castellan (left hand) {rF+ MR+ Int+2}
   (You found it in a labyrinth)

   [ring of protection from fire]

   It affects your intelligence (+2).
   It protects you from fire.
   It affects your resistance to hostile enchantments.
 y - an amulet of regeneration (around neck)
 I - the ring of Shadows (right hand) {Umbra +Inv Stlth+}
   (You found it on level 8 of the Dungeon)

   [ring of stealth]

   It lets you turn invisible.
   It makes you more stealthy.
 U - an uncursed ring of resist corrosion
Wands
 r - a wand of digging (15/24)
 E - a wand of teleportation (6/9)
 O - a wand of digging (8/24)
 P - a wand of hasting (5/9)
Scrolls
 g - a scroll of holy word
 l - 18 scrolls of teleportation
 m - 19 scrolls of remove curse
 o - a scroll of recharging
 B - 8 scrolls of identify
 J - 6 scrolls of magic mapping
 L - 3 scrolls of blinking
 N - 11 scrolls of fog
 W - 4 scrolls of enchant armour
Potions
 e - a potion of might
 k - 3 potions of cancellation
 t - 2 potions of haste
 w - 9 potions of curing
 D - 5 potions of heal wounds
 F - 3 potions of agility
 M - 3 potions of resistance
Miscellaneous
 v - a phial of floods
Comestibles
 c - 12 chunks of flesh
 f - 27 bread rations


   Skills:
 - Level 10.0 Fighting
 + Level 22.6 Long Blades
 * Level 18.4 Throwing
 - Level 11.0 Dodging
 - Level 12.0 Stealth
 - Level 12.0 Evocations


You had 18 spell levels left.
You didn't know any spells.

Dungeon Overview and Level Annotations

Branches:
Dungeon (15/15)            Temple (1/1) D:4            Lair (6/6) D:10
  Swamp (4/4) Lair:2        Snake (4/4) Lair:2        Slime (0/5) Lair:5
    Orc (2/2) D:9             Elf (0/3) Orc:2        Vaults (2/5) D:14
 Depths (0/5) D:15
  Crypt: Vaults:2-3

Altars:
Ashenzari
Cheibriados
Dithmenos
Elyvilon
Fedhas
Gozag
Hepliaklqana
Kikubaaqudgha
Makhleb
Nemelex Xobeh
Okawaru
Qazlal
Ru
Sif Muna
Trog
Uskayaw
Vehumet
Xom
Yredelemnul
Zin
The Shining One
Beogh

Shops:
D:10 ?   D:11 *   D:12 *   D:13 (   D:14 }*}   Orc:1 (   Orc:2 =*}
Snake:4 ==}

Annotations:
Swamp:3 exclusion: Roxanne, Roxanne
Swamp:4 Lernaean hydra
Snake:2 Vashnia


Innate Abilities, Weirdness & Mutations

You revert to your normal form in water.
You are very nimble and swift while swimming.
You are very stealthy in the water. (Stealth+)
You are partially covered in icy blue scales. (AC +2)


Message History

You burn the yaktaur.
The yaktaur is almost dead.
You slice the orc!! You burn the orc.
You kill the orc!
Trog accepts your kill. The warg bites you but does no damage.
You barely miss the yaktaur. The orc warrior barely misses you.
The orc misses you.
You riposte.
You slice the orc!! You burn the orc.
You kill the orc!
Trog accepts your kill. The yaktaur closely misses you.
You carve the yaktaur like a ham!!! You burn the yaktaur.
The yaktaur is almost dead.
The warg closely misses you.
You closely miss the yaktaur.
The yaktaur is almost dead.
The yaktaur barely misses you.
You riposte.
You closely miss the yaktaur.
The yaktaur is almost dead.
The orc warrior hits you from afar with a halberd!!!
You die... █......█ +██████

█....[.█ ...█...█
█......+ .█.█.█.█
█..<...█ ...█().+
█......█ ██'█.█.█████
█.o....█ ..........(█
█.cco..█
.█.█.█.█.█.████h@███████
...........+(.(.........
+███.█.███'█............
█...█...+(...........
█.█.█.█.█)...........
█...█...█.).)........
█████████..))(†......
█(...(.......
█............


You could see 2 yaktaurs, a warg, an orc warrior and an orc.

Vanquished Creatures
  A tentacled monstrosity (Swamp:3)
  A sphinx (Vaults:1)
  Frances (Swamp:2)
  Agnes (Snake:4)
  Donald (Swamp:3)
  Kirke (Swamp:2)
  8 nagarajas
  3 vault wardens
  Aizul (Snake:2)
  A ghost moth (Lair:4)
  A ghoul (Vaults:1)
  Louise (D:14)
  The ghost of Monkaria the Pandemonic, a journeyman DDEE of Makhleb (Lair:6)
  3 stone giants
  A very ugly thing (Swamp:4)
  An entropy weaver (Vaults:1)
  4 ironheart preservers (Vaults:2)
  A deep elf demonologist (Vaults:2)
  2 ettins
  Snorg (D:13)
  A green death (Swamp:4)
  A minotaur (Lab)
  A death ooze (Swamp:4)
  4 fire dragons
  A yaktaur captain (Vaults:1)
  Harold (Lair:4)
  11 naga warriors
  A rakshasa (D:9)
  A hell beast (Swamp:4)
  19 hydras
  A ghost crab (Swamp:4)
  An ice dragon (Vaults:1)
  2 vault guards (Vaults:1)
  The ghost of KarmaPolice the Grand Scion, a journeyman DrWn of Hepliaklqana (D:11)
  Erica (D:8)
  A death knight (Vaults:1)
  3 catoblepae (Lair:6)
  10 anacondas
  6 ogre magi
  8 centaur warriors
  11 death yaks (Lair:6)
  5 alligators
  19 naga sharpshooters
  9 shock serpents
  Sonja (Orc:2)
  4 unseen horrors
  A glowing orange brain (Vaults:2)
  3 spriggan druids
  4 deep elf archers
  3 large abominations (Swamp:4)
  5 harpies (Vaults:1)
  10 hill giants
  6 swamp dragons
  3 wizards (Vaults:1)
  9 naga ritualists
  5 ironbrand convokers
  12 ugly things
  4 orc knights
  4 salamanders
  9 mana vipers
  6 deep elf magi
  An orc sorcerer (Orc:2)
  8 cyclopes
  26 black mambas
  Joseph (Lair:1)
  3 guardian serpents
  An orange demon (Swamp:4)
  19 spiny frogs
  2 gargoyles (D:11)
  29 naga magi
  16 yaktaurs
  A rime drake (Lair:1)
  A rime drake (shapeshifter) (Vaults:1)
  A kobold demonologist (D:13)
  A freezing wraith (Vaults:1)
  6 komodo dragons
  2 efreet
  A yaktaur (shapeshifter) (Vaults:1)
  A komodo dragon (shapeshifter) (Vaults:2)
  3 tengu conjurers
  2 polar bears
  4 trolls
  A merfolk (shapeshifter) (D:14)
  A merfolk (D:9)
  14 hornets
  8 two-headed ogres
  A minotaur skeleton (Lab)
  31 blink frogs
  10 tyrant leeches
  Prince Ribbit (D:5)
  12 bog bodies
  25 slime creatures
  A meliai zombie (D:14)
  Sigmund (D:4)
  3 redbacks (Vaults:1)
  5 shadows
  12 hippogriffs
  12 spriggans
  2 vampires
  6 wraiths
  51 yaks
  A spriggan (shapeshifter) (D:11)
  3 water elementals
  2 basilisks
  A tarantella (shapeshifter) (Vaults:1)
  2 humans (D:14)
  A fire elemental (D:12)
  A wyvern (Lair:2)
  A hog (Swamp:2)
  7 vampire mosquitoes
  7 hungry ghosts
  The ghost of BadBadger the Slasher, an amateur HESk (D:3)
  A mottled dragon (D:13)
  44 nagas
  18 swamp worms
  2 hell hounds (D:10)
  12 water moccasins
  16 orc warriors
  10 porcupines
  11 swamp drakes
  2 ice beasts
  2 phantoms
  21 ogres
  3 sky beasts
  3 eyes of draining
  A wolf (Lair:6)
  7 centaurs
  An elf zombie (Ossuary)
  6 crocodiles
  Blork the orc (D:5)
  12 bullfrogs
  2 small abominations (Swamp:4)
  A water moccasin zombie (D:6)
  An elf skeleton (D:8)
  A wyvern zombie (D:10)
  An earth elemental (Lab)
  4 scorpions
  2 wyvern skeletons
  A water moccasin skeleton (D:5)
  6 killer bees (D:8)
  3 electric eels
  6 wights
  3 howler monkeys
  4 crimson imps
  5 lava snakes
  2 bullfrog zombies
  A centaur zombie (Ossuary)
  4 jellies
  Crazy Yiuf (D:5)
  3 centaur skeletons
  19 orc priests
  6 hounds
  2 human zombies
  25 orc wizards
  A bullfrog skeleton (D:6)
  A gnoll shaman (D:8)
  A human skeleton (D:8)
  Natasha (twice) (D:4)
  4 iguanas
  9 worker ants
  A killer bee zombie (D:10)
  2 big kobold zombies (Ossuary)
  2 mummies (Ossuary)
  15 gnolls
  15 adders
  2 shadow imps
  4 oozes
  2 adder skeletons (D:5)
  5 adder zombies
  2 worms
  A dart slug (D:4)
  12 leopard geckos
  87 orcs
  A ball python (D:2)
  8 bats
  8 giant cockroaches
  8 goblins
  6 hobgoblins
  10 jackals
  6 kobolds
  4 quokkas
  3 frilled lizards
  11 hobgoblin zombies (Ossuary)
  A jackal zombie (Ossuary)
  8 kobold zombies (Ossuary)
  A leopard gecko skeleton (D:5)
  An orc skeleton (D:8)
  10 orc zombies
  A quokka skeleton (D:8)
  11 rats
  2 rat zombies (Ossuary)
  A plant (Swamp:3)
1141 creatures vanquished.

Vanquished Creatures (collateral kills)
  The ghost of Philosophy the Warrior, a journeyman CeHu of Okawaru (Swamp:1)
  A vault warden (Vaults:1)
  An orc warlord (Orc:1)
  Josephine (D:14)
  Erolcha (Orc:1)
  A hydra (D:9)
  2 naga warriors (Snake:4)
  An anaconda (Snake:2)
  2 death yaks (Lair:6)
  4 orc high priests
  A shock serpent (Snake:2)
  A naga sharpshooter (Snake:2)
  A deep elf archer (Orc:1)
  4 orc knights (Orc:2)
  A hill giant (D:14)
  An ugly thing (Vaults:1)
  A deep elf mage (Orc:1)
  4 orc sorcerers
  A naga mage (Snake:4)
  A black mamba (Snake:2)
  2 freezing wraiths (D:14)
  2 trolls
  5 blink frogs
  5 slime creatures (Swamp:4)
  A bog body (Swamp:4)
  A wraith (D:14)
  A shadow (Lab)
  13 humans (D:14)
  A hog (Swamp:2)
  4 yaks (Lair:6)
  2 hungry ghosts (Lab)
  2 nagas (Snake:4)
  7 orc warriors
  3 ogres
  3 wolves (Lair:6)
  A bullfrog (Lair:5)
  2 jellies (Lair:5)
  2 orc priests
  4 orc wizards
  4 oozes (Lair:5)
  9 orcs
105 creatures vanquished.

Vanquished Creatures (others)
  A black mamba (Snake:1)
  A blink frog (Lair:5)
  A hippogriff (D:14)
  6 humans
  2 wolves (Lair:6)
  A naga (Snake:1)
  A swamp drake (Swamp:2)
  A bullfrog (D:9)
  A jelly (D:9)
  9 fungi
  4 plants
28 creatures vanquished.

Grand Total: 1274 creatures vanquished

Notes
Turn   | Place    | Note
-------+----------+-------------------------------------------
     0 | D:1      | nht the Merfolk Gladiator began the quest for the Orb.
     0 | D:1      | Reached XP level 1. HP: 16/16 MP: 1/1
   174 | D:1      | Reached XP level 2. HP: 20/22 MP: 2/2
   180 | D:1      | Reached skill level 4 in Long Blades
   509 | D:1      | Reached XP level 3. HP: 27/27 MP: 3/3
   831 | D:2      | Reached skill level 5 in Long Blades
  1102 | D:2      | Reached XP level 4. HP: 33/33 MP: 4/4
  1309 | D:2      | Found a deep blue altar of Sif Muna.
  1699 | D:3      | Reached skill level 6 in Long Blades
  1714 | D:3      | Gained mutation: You evolve. [potion of mutation]
  1714 | D:3      | Gained mutation: You are partially covered in icy blue scales. (AC +2) [potion of mutation]
  1722 | D:3      | Reached XP level 5. HP: 28/38 MP: 5/5
  1926 | D:3      | Identified a +0 rod of inaccuracy (13/13) (You found it on level 3 of the Dungeon)
  1939 | D:3      | Noticed BadBadger's ghost (amateur HESk)
  1958 | D:3      | Killed BadBadger's ghost
  1958 | D:3      | Reached skill level 7 in Long Blades
  1958 | D:3      | Reached XP level 6. HP: 44/44 MP: 6/6
  2265 | D:3      | Gained mutation: You are mostly covered in icy blue scales. (AC +3) [evolution]
  2771 | D:4      | Noticed Sigmund
  2779 | D:4      | Killed Sigmund
  2779 | D:4      | Reached skill level 8 in Long Blades
  2779 | D:4      | Reached XP level 7. HP: 45/50 MP: 7/7
  2989 | D:4      | Reached skill level 9 in Long Blades
  3017 | D:4      | Found a staircase to the Ecumenical Temple.
  3068 | Temple   | Entered the Ecumenical Temple
  3090 | Temple   | Became a worshipper of Trog the Wrathful
  3277 | D:4      | Found a shattered altar of Ashenzari.
  3296 | D:4      | Found a shimmering altar of Xom.
  3318 | D:4      | Found a shimmering altar of Xom.
  3322 | D:4      | Found a shimmering altar of Xom.
  3322 | D:4      | Found a shimmering altar of Xom.
  3323 | D:4      | Found a shimmering altar of Xom.
  3323 | D:4      | Noticed Natasha
  3327 | D:4      | Found a shimmering altar of Xom.
  3327 | D:4      | Found a shimmering altar of Xom.
  3332 | D:4      | Killed Natasha
  3371 | D:4      | Gained mutation: You are partially covered in thin metallic scales. (AC +2) [evolution]
  3413 | D:4      | Noticed Natasha
  3419 | D:4      | Killed Natasha
  3486 | D:5      | Entered Level 5 of the Dungeon
  3502 | D:5      | Reached skill level 10 in Long Blades
  3506 | D:5      | Reached XP level 8. HP: 56/56 MP: 8/8
  3519 | D:5      | Reached * piety under Trog
  3738 | D:5      | Found a snail-covered altar of Cheibriados.
  3842 | D:5      | Reached skill level 11 in Long Blades
  3883 | D:5      | Noticed Blork the orc
  3898 | D:5      | Killed Blork the orc
  3947 | D:5      | Found a glowing silver altar of Zin.
  4013 | D:5      | Noticed Prince Ribbit
  4021 | D:5      | Killed Prince Ribbit
  4230 | D:5      | Found a runed door.
  4234 | D:5      | Noticed Crazy Yiuf
  4238 | D:5      | Killed Crazy Yiuf
  4549 | D:6      | Reached skill level 12 in Long Blades
  4589 | D:6      | Reached XP level 9. HP: 61/61 MP: 9/9
  4653 | D:6      | Reached ** piety under Trog
  4786 | D:6      | Reached skill level 13 in Long Blades
  5823 | D:8      | Noticed Erica
  5832 | D:8      | Killed Erica
  5832 | D:8      | Reached skill level 14 in Long Blades
  5884 | D:8      | Found a sand-covered staircase.
  5890 | Ossuary  | Entered an ossuary
  5961 | Ossuary  | Reached *** piety under Trog
  6020 | Ossuary  | Reached skill level 1 in Stealth
  6020 | Ossuary  | Reached XP level 10. HP: 67/67 MP: 10/10
  6045 | Ossuary  | Reached skill level 1 in Evocations
  6342 | D:8      | Received a gift from Trog
  6993 | D:8      | Found an opulent altar of Gozag.
  6999 | D:8      | Lost mutation: You evolve. [end of evolution]
  7262 | D:9      | Reached skill level 5 in Stealth
  7272 | D:9      | Reached **** piety under Trog
  7306 | D:9      | Noticed a rakshasa
  7479 | D:9      | Killed a rakshasa
  7479 | D:9      | Reached skill level 5 in Evocations
  7561 | D:9      | Found a staircase to the Orcish Mines.
  7769 | D:8      | Reached XP level 11. HP: 45/72 MP: 15/15
  8261 | D:9      | Noticed a hill giant
  8334 | D:9      | Killed a hill giant
  8620 | D:9      | Noticed a five-headed hydra
  8625 | D:9      | Killed a five-headed hydra
  8653 | D:9      | Lost mutation: You are partially covered in thin metallic scales. (AC +2) [potion of cure mutation]
  8653 | D:9      | Lost mutation: You are mostly covered in icy blue scales. (AC +3) [potion of cure mutation]
  8818 | D:9      | Reached skill level 5 in Dodging
  8882 | D:10     | Entered Level 10 of the Dungeon
  8929 | D:10     | Found a staircase to the Lair.
  9261 | D:10     | Noticed a hill giant
  9392 | D:10     | Killed a hill giant
  9763 | D:10     | Reached ***** piety under Trog
  9773 | D:10     | Upgraded the game from 0.19.0-11-g3fc08b3 to 0.19.0-16-g73b5abf
  9929 | D:10     | Found Ficwasei's Magic Scroll Boutique.
  9936 | D:10     | Bought a scroll of magic mapping for 45 gold pieces
  9936 | D:10     | Bought a scroll of teleportation for 39 gold pieces
  9936 | D:10     | Bought a scroll of fog for 26 gold pieces
  9936 | D:10     | Bought a scroll of magic mapping for 45 gold pieces
  9936 | D:10     | Bought a scroll of fog for 26 gold pieces
 10125 | Lair:1   | Entered Level 1 of the Lair of Beasts
 10415 | Lair:1   | Reached skill level 5 in Fighting
 10801 | Lair:1   | Reached XP level 12. HP: 79/86 MP: 18/18
 11076 | Lair:1   | Reached skill level 10 in Stealth
 11330 | Lair:1   | Noticed Joseph
 11466 | Lair:1   | Killed Joseph
 12029 | Lair:2   | Found a staircase to the Swamp.
 12247 | Lair:2   | Found a staircase to the Snake Pit.
 12252 | Lair:2   | Received a gift from Trog
 13253 | Lair:3   | Received a gift from Trog
 13269 | Lair:3   | Reached skill level 5 in Throwing
 14105 | Lair:3   | Noticed a four-headed hydra
 14190 | Lair:3   | Killed a four-headed hydra
 14349 | Lair:3   | Reached XP level 13. HP: 74/93 MP: 20/20
 14500 | Lair:4   | Noticed Harold
 14538 | Lair:4   | Killed Harold
 15279 | Lair:4   | Reached skill level 10 in Evocations
 15641 | Lair:5   | Received a gift from Trog
 16438 | Lair:5   | Found a staircase to the Slime Pits.
 17065 | Lair:6   | Entered Level 6 of the Lair of Beasts
 17542 | Lair:6   | Received a gift from Trog
 17662 | Lair:6   | Noticed Monkaria's ghost (journeyman DDEE)
 17740 | Lair:6   | Killed Monkaria's ghost
 18374 | Lair:6   | Reached skill level 10 in Dodging
 18389 | Lair:6   | Reached XP level 14. HP: 94/103 MP: 21/21
 18393 | Lair:6   | Received a gift from Trog
 18404 | Lair:6   | Reached skill level 10 in Throwing
 18589 | Lair:6   | Reached skill level 15 in Long Blades
 19290 | Lair:4   | Noticed a ghost moth
 19290 | Lair:4   | a four-headed hydra changed into a ghost moth
 19311 | Lair:4   | Killed a ghost moth
 19729 | D:11     | Received a gift from Trog
 19938 | D:11     | Noticed KarmaPolice's ghost (journeyman DrWn)
 20021 | D:11     | Killed KarmaPolice's ghost
 20784 | D:11     | Found Xeloilio's General Store.
 20792 | D:11     | Bought a potion of curing for 45 gold pieces
 20792 | D:11     | Bought 2 potions of heal wounds for 150 gold pieces
 20792 | D:11     | Bought a scroll of enchant armour for 112 gold pieces
 21210 | Orc:1    | Entered Level 1 of the Orcish Mines
 21210 | Orc:1    | Found Wuphup's Weapon Shop.
 21214 | Orc:1    | Noticed a stone giant
 21220 | Orc:1    | Found a radiant altar of Vehumet.
 21223 | Orc:1    | Killed a stone giant
 21276 | Orc:1    | Noticed Erolcha
 21282 | Orc:1    | Killed Erolcha
 21293 | Orc:1    | Noticed an orc warlord
 21293 | Orc:1    | Received a gift from Trog
 21294 | Orc:1    | wtf is this
 21316 | Orc:1    | Killed an orc warlord
 21316 | Orc:1    | Reached skill level 16 in Long Blades
 21332 | Orc:1    | Got a slimy scimitar {venom}
 21332 | Orc:1    | Got a warped scimitar {slice}
 21646 | Orc:1    | Identified the +2 scimitar of Paper {venom, Dex+3} (You took it off an orc sorcerer on level 1 of the Orcish Mines)
 21647 | Orc:1    | Identified the +9 scimitar of Chagrin {slice, rC+ Str+4} (You took it off an orc warrior on level 1 of the Orcish Mines)
 21666 | Orc:2    | Entered Level 2 of the Orcish Mines
 21959 | Orc:2    | Received a gift from Trog
 22085 | Orc:2    | Found a staircase to the Elven Halls.
 22132 | Orc:2    | Noticed Sonja
 22142 | Orc:2    | Killed Sonja
 22142 | Orc:2    | Received a gift from Trog
 22678 | Orc:2    | Found a roughly hewn altar of Beogh.
 22987 | Orc:2    | Reached XP level 15. HP: 110/110 MP: 20/23
 23328 | Orc:2    | Received a gift from Trog
 23358 | Orc:2    | Found Dogoteur's Assorted Antiques.
 23358 | Orc:2    | Found Kuqo's Jewellery Emporium.
 23360 | Orc:2    | Found Balohi's Gadget Shop.
 23360 | Orc:2    | Found Difrehaf's Weapon Emporium.
 23368 | Orc:2    | Bought a copper wand for 116 gold pieces
 24399 | D:12     | Found Meupn's General Store.
 24405 | D:12     | Bought a scroll of identify for 32 gold pieces
 24590 | D:12     | fucking inventory limits
 24722 | D:12     | Reached skill level 17 in Long Blades
 24752 | D:13     | Found Pups's Weapon Emporium.
 25232 | D:13     | Received a gift from Trog
 25374 | D:13     | Noticed Snorg
 25385 | D:13     | Killed Snorg
 25806 | D:14     | Found Otzusac's Gadget Shoppe.
 25867 | D:14     | Found a labyrinth entrance.
 25871 | D:14     | Found Ziroicvu's Assorted Antiques.
 25884 | Lab      | Entered a labyrinth
 26150 | Lab      | Reached skill level 18 in Long Blades
 26159 | Lab      | Got a bloodstained buckler
 26167 | Lab      | Identified the cursed +0 buckler "Ucami" {+Inv} (You found it in a labyrinth)
 26446 | Lab      | Got an ancient demon blade {flame}
 26447 | Lab      | Identified the +0 demon blade of Entrepreneurial Spirit {flame, rC- MR+ Str+4 SInv} (You took it off a minotaur in a labyrinth)
 26462 | Lab      | Got a transparent robe
 26473 | Lab      | Identified the +0 robe of Wasted Space {rF++ rC- Str+3} (You found it in a labyrinth)
 26492 | Lab      | Got a warped copper ring
 26493 | Lab      | Identified the ring of the Castellan {rF+ MR+ Int+2} (You found it in a labyrinth)
 26505 | Lab      | Got a jacinth-studded leather armour
 26516 | Lab      | Identified the +3 leather armour of the Wilderness {*Contam +Inv Int+6} (You found it in a labyrinth)
 26933 | D:14     | Found a gate to the Vaults.
 26952 | D:14     | Received a gift from Trog
 27260 | D:14     | Found Leurros's Gadget Shoppe.
 27269 | D:14     | Bought a wand of teleportation (3/9) for 357 gold pieces
 27361 | D:14     | Noticed Louise
 27542 | D:14     | Killed Louise
 27767 | D:14     | Noticed Josephine
 27771 | D:14     | Killed Josephine
 27921 | D:15     | Entered Level 15 of the Dungeon
 28296 | D:15     | Received a gift from Trog
 28507 | D:15     | Reached skill level 19 in Long Blades
 28507 | D:15     | Reached XP level 16. HP: 117/117 MP: 25/25
 28580 | D:15     | Found a staircase to the Depths.
 28949 | Swamp:1  | Entered Level 1 of the Swamp
 28974 | Swamp:1  | Noticed Philosophy's ghost (journeyman CeHu)
 28984 | Swamp:1  | Killed Philosophy's ghost
 29106 | Swamp:1  | Received a gift from Trog
 30266 | Swamp:2  | Noticed Kirke
 30289 | Swamp:2  | Killed Kirke
 30289 | Swamp:2  | Reached skill level 20 in Long Blades
 30469 | Swamp:2  | Noticed Frances
 30478 | Swamp:2  | Killed Frances
 30817 | Swamp:3  | Noticed Donald
 30820 | Swamp:3  | Killed Donald
 30955 | Swamp:3  | Noticed a tentacled monstrosity
 30980 | Swamp:3  | Killed a tentacled monstrosity
 31151 | Swamp:3  | Received a gift from Trog
 31179 | Swamp:3  | Noticed Roxanne
 31728 | Swamp:4  | Entered Level 4 of the Swamp
 31829 | Swamp:4  | Received a gift from Trog
 31903 | Swamp:4  | Got a spiked ring mail
 31904 | Swamp:4  | Identified the +1 ring mail of the Jolly Tales {rElec MR+} (You found it on level 4 of the Swamp)
 32166 | Swamp:4  | Received a gift from Trog
 32575 | Swamp:4  | Reached XP level 17. HP: 98/124 MP: 26/26
 32982 | Swamp:4  | Noticed the 27-headed Lernaean hydra
 33576 | Swamp:4  | Received a gift from Trog
 33954 | Swamp:4  | Got a decaying rune of Zot
 34265 | Snake:1  | Entered Level 1 of the Snake Pit
 34856 | Snake:1  | Reached skill level 21 in Long Blades
 35084 | Snake:1  | Received a gift from Trog
 35488 | Snake:2  | Reached skill level 10 in Fighting
 35548 | Snake:2  | Noticed Vashnia
 35789 | Snake:2  | Noticed Aizul
 35798 | Snake:2  | Killed Aizul
 36385 | Snake:2  | HP: 6/128 [Vashnia/arrow (19)]
 36584 | Snake:2  | Received a gift from Trog
 36590 | Snake:2  | Got a shimmering great sword {god gift}
 36595 | Snake:1  | Identified the +2 great sword "Uce Cucoa" {slice, +Fly rF+ rC+} (Trog gifted it to you on level 2 of the Snake Pit)
 36739 | Snake:2  | Reached XP level 18. HP: 122/134 MP: 27/27
 37619 | Snake:3  | Reached skill level 15 in Throwing
 37663 | Snake:4  | Entered Level 4 of the Snake Pit
 38057 | Snake:4  | Found Peudafas's Jewellery Shoppe.
 38058 | Snake:4  | Found Biohik's Gadget Shop.
 38174 | Snake:4  | Found Caoch's Jewellery Shoppe.
 39088 | Snake:4  | Received a gift from Trog
 39420 | Snake:4  | Received a gift from Trog
 39586 | Snake:4  | Noticed Agnes
 39598 | Snake:4  | Killed Agnes
 40187 | Snake:4  | Received a gift from Trog
 40733 | Snake:4  | Got a serpentine rune of Zot
 40753 | Snake:4  | Reached skill level 22 in Long Blades
 41037 | Vaults:1 | Entered Level 1 of the Vaults
 41091 | Vaults:1 | Reached XP level 19. HP: 140/140 MP: 28/28
 41196 | Vaults:1 | Received a gift from Trog
 42895 | Vaults:1 | Received a gift from Trog
 43980 | Vaults:2 | Received a gift from Trog
 44262 | Vaults:2 | Reached ****** piety under Trog
 44306 | Vaults:2 | Identified a +2 pair of boots of running (You found it on level 2 of the Vaults)
 44374 | Vaults:2 | Slain by an orc warrior

Skill      XL: |  1  2  3  4  5  6  7  8  9 10 11 12 13 14 15 16 17 18 19 |
---------------+----------------------------------------------------------+-----
Long Blades    | 4 5 6 7 8 10 12 14 16 19 20 21 22 | 22.6
Stealth        | 1 7 9 10 11 12 | 12.0
Evocations     | 6 8 9 10 11 12 | 12.0
Fighting       | 5 6 7 8 10 | 10.0
Dodging        | 7 9 10 11 | 11.0
Throwing       | 7 9 11 12 14 16 18 | 18.4

Action                   |  1- 3 |  4- 6 |  7- 9 | 10-12 | 13-15 | 16-18 | 19-21 || total
-------------------------+-------+-------+-------+-------+-------+-------+-------++-------
Melee: Dagger            |   106 |   205 |       |   233 |   729 |    49 |   117 ||  1439
       Long sword        |    13 |       |       |       |       |       |       ||    13
       Falchion          |       |     4 |   440 |    96 |       |       |       ||   540
       Scimitar          |       |       |       |   177 |   138 |   815 |       ||  1130
       Short sword       |       |       |       |   150 |       |       |       ||   150
       Demon blade       |       |       |       |       |    60 |    13 |       ||    73
       Double sword      |       |       |       |       |       |    24 |       ||    24
       Triple sword      |       |       |       |       |       |   332 |   157 ||   489
 Fire: Blowgun           |       |       |       |       |    10 |       |       ||    10
Throw: Throwing net      |       |       |     3 |     1 |     7 |       |       ||    11
       Tomahawk          |       |       |       |    16 |   123 |   156 |    23 ||   318
       Javelin           |       |       |       |       |     3 |    12 |       ||    15
Invok: Burn Spellbooks   |       |       |     1 |     1 |     4 |     3 |       ||     9
       Berserk           |       |       |     5 |     7 |     5 |    16 |     1 ||    34
       Trog's Hand       |       |       |     1 |       |     3 |     2 |     2 ||     8
       Brothers in Arms  |       |       |       |       |    11 |     9 |     1 ||    21
 Abil: Evoke Invisibilit |       |       |       |    38 |    58 |     8 |    15 ||   119
Evoke: Wand              |       |       |    12 |       |    36 |     7 |       ||    55
       Rod               |       |       |       |     5 |     4 |    17 |       ||    26
       Phial of floods   |       |       |       |     1 |     4 |     3 |       ||     8
       Phantom mirror    |       |       |       |       |     1 |       |       ||     1
       Lamp of fire      |       |       |       |       |       |     2 |       ||     2
  Use: Potion            |       |     4 |     3 |     3 |     1 |     3 |     3 ||    17
       Scroll            |       |     8 |     5 |     7 |    18 |    18 |     1 ||    57
 Stab: Sleeping          |     1 |     1 |     6 |    63 |   116 |    64 |    43 ||   294
       Distracted        |       |       |     1 |     2 |     4 |    12 |     2 ||    21
       Held in net/web   |       |       |     1 |     2 |     7 |       |       ||    10
       Invisible         |       |       |       |    52 |    77 |     3 |    36 ||   168
  Eat: Chunk             |     1 |     5 |    16 |    42 |    42 |    18 |    13 ||   137
       Beef jerky        |       |       |       |     3 |     2 |     1 |     1 ||     7
       Pizza             |       |       |       |     3 |     1 |       |       ||     4
       Meat ration       |       |       |       |       |     6 |     8 |     1 ||    15
       Fruit             |       |       |       |       |    13 |     8 |       ||    21
       Royal jelly       |       |       |       |       |     1 |       |       ||     1
Armor: Leather armour    |    44 |    49 |   115 |    21 |       |       |       ||   229
       Robe              |       |       |       |    71 |    81 |    92 |       ||   244
       Ring mail         |       |       |       |       |       |   126 |    40 ||   166
Dodge: Dodged            |    94 |   149 |   191 |   312 |   513 |   881 |   175 ||  2315
       Rpst.: Long sword |     3 |       |       |       |       |       |       ||     3
       Falchion          |       |     2 |    52 |     8 |       |       |       ||    62
       Scimitar          |       |       |       |    28 |    20 |   113 |       ||   161
       Demon blade       |       |       |       |       |     5 |     2 |       ||     7
       Double sword      |       |       |       |       |       |     4 |       ||     4
       Triple sword      |       |       |       |       |       |    62 |    34 ||    96
